 Dungeon Crawl Stone Soup version 0.28-a0-1493-g08698888e4 (webtiles) character file.

Game seed: 12354462830666622740

48279 tilp the Gelid (level 14, -5/67 HPs)
             Began as a Felid Ice Elementalist on Jan 11, 2022.
             Was an Initiate of Gozag.
             Slain by a seven-headed hydra (15 damage)
             ... on level 3 of the Swamp on Jan 12, 2022.
             The game lasted 01:37:42 (53738 turns).

tilp the Gelid (Felid Ice Elementalist)            Turns: 53738, Time: 01:37:43

Health: -5/67      AC:  3    Str:  4    XL:     14   Next: 11%
Magic:  11/28      EV: 29    Int: 24    God:    Gozag
Gold:   5029       SH:  0    Dex: 17    Spells: 7/31 levels left
                                        Lives:  0   Deaths: 3

rFire   . . .      SeeInvis +     - Unarmed
rCold   + . .      Faith    .   (shield unavailable)
rNeg    . . .      Spirit   .   (armour unavailable)
rPois   +          Reflect  .   (helmet unavailable)
rElec   .          Harm     .   (cloak unavailable)
rCorr   .          Rampage  .   (gloves unavailable)
Will    ++...                   (boots unavailable)
Stlth   ++++++....              H - amulet of the Shining Light {RegenMP Regen+ Stlth+}
HPRegen 1.01/turn               B - +4 ring of evasion
MPRegen 0.61/turn               k - ring of poison resistance

@: very slightly contaminated, quick
A: very small, claws 1, fangs 3, see invisible, speed 1, shaggy fur 3, stealthy
paws, no weapons or thrown items, no armour, multi-lived
a: Renounce Religion, Potion Petition, Call Merchant, Bribe Branch


You were on level 3 of the Swamp.
You worshipped Gozag.
Gozag was greatly pleased with you.
You visited 4 branches of the dungeon, and saw 26 of its levels.

You collected 8145 gold pieces.
You spent 1356 gold pieces at shops.
You paid 1760 gold pieces to Gozag.

Inventory:

Jewellery
 k - a ring of poison resistance (right paw)
 w - an amulet of the acrobat
 y - a ring of fire
 B - a +4 ring of evasion (left paw)
 C - a +4 ring of evasion
 D - a ring of ice
 F - a ring of protection from fire
 G - a ring of positive energy
 H - the amulet of the Shining Light (around neck) {RegenMP Regen+ Stlth+}
   (You acquired it on level 14 of the Dungeon)

   [amulet of magic regeneration]

   It increases your rate of magic regeneration.
   Regen:     It increases your rate of health regeneration.
   Stlth:     It makes you more stealthy.
 M - a +6 ring of intelligence
Wands
 j - a wand of polymorph (22)
 t - a wand of iceblast (13)
 v - a wand of flame (14)
 L - a wand of acid (2)
Scrolls
 h - 2 scrolls of blinking
 n - 7 scrolls of magic mapping
 o - 8 scrolls of vulnerability
 p - 3 scrolls of fog
 q - 6 scrolls of teleportation
 r - 2 scrolls of amnesia
 x - 3 scrolls of fear
 E - a scroll of holy word
 I - a scroll of silence
Potions
 a - a potion of cancellation
 b - 4 potions of ambrosia
 c - 7 potions of heal wounds
 d - 2 potions of mutation
 e - 11 potions of curing
 f - 4 potions of might
 g - a potion of flight
 i - 2 potions of berserk rage
 l - 6 potions of brilliance
 m - 4 potions of haste
 s - 7 potions of attraction
 u - 3 potions of lignification
 z - 2 potions of invisibility
 A - 2 potions of resistance
 J - a potion of magic
Miscellaneous
 K - a piece from Xom's chessboard (15/15)


   Skills:
 + Level 11.0 Fighting
 + Level 11.6 Dodging
 - Level 10.0 Stealth
 + Level 9.3 Unarmed Combat
 - Level 9.0 Spellcasting
 - Level 12.0 Conjurations
 - Level 4.0 Hexes
 - Level 2.0 Summonings
 - Level 4.0 Translocations
 - Level 15.0 Ice Magic
 + Level 7.9 Evocations


You had 7 spell levels left.
You knew the following spells:

 Your Spells              Type           Power      Damage    Failure   Level
a - Freeze                Ice            100%       1d11      0%          1
b - Frozen Ramparts       Ice            100%       1d12      1%          3
c - Ozocubu's Armour      Ice            70%        N/A       1%          3
d - Hailstorm             Conj/Ice       66%        3d14      1%          4
e - Ensorcelled Hibernat  Hex/Ice        100%       N/A       1%          2
f - Summon Ice Beast      Ice/Summ       51%        N/A       1%          4
g - Iskenderun's Mystic   Conj/Tloc      49%        2d11      2%          4
h - Apportation           Tloc           60%        N/A       1%          1
i - Blink                 Tloc           60%        N/A       1%          2

Your spell library contained the following spells:

 Spells                   Type           Power      Damage    Failure   Level
 Static Discharge         Conj/Air       39%        N/A       1%          2
 Conjure Flame            Conj/Fire      39%        6-21      1%          3
 Dazzling Flash           Conj/Hex       98%        N/A       1%          3
 Iskenderun's Battlesphe  Conj           62%        2d11      1%          5
 Summon Small Mammal      Summ           80%        N/A       2%          1
 Ice Form                 Ice/Tmut       46%        N/A       2%          4
 Lesser Beckoning         Tloc           30%        N/A       3%          3
 Metabolic Englaciation   Hex/Ice        27%        N/A       3%          5
 Sticky Flame             Conj/Fire      39%        2d6       4%          4
 Animate Skeleton         Necr           20%        N/A       6%          1
 Pain                     Necr           40%        1d6       6%          1
 Sting                    Tmut/Pois      40%        1d5       6%          1
 Call Canine Familiar     Summ           20%        N/A       8%          3
 Inner Flame              Hex/Fire       20%        N/A       8%          3
 Corpse Rot               Necr/Air       20%        N/A       9%          2
 Passwall                 Tmut/Erth      8%         N/A       9%          2
 Poisonous Vapours        Pois/Air       20%        N/A       9%          2
 Cause Fear               Hex            15%        N/A       11%         4
 Ozocubu's Refrigeration  Ice            35%        4d12      11%         7
 Fireball                 Conj/Fire      19%        3d9       14%         5
 Lightning Bolt           Conj/Air       19%        1d34      14%         5
 Ignite Poison            Fire/Tmut/Pois 10%        N/A       17%         3
 Swiftness                Air            10%        N/A       17%         3
 Vampiric Draining        Necr           10%        2d6       17%         3
 Leda's Liquefaction      Hex/Erth       10%        N/A       26%         4
 Manifold Assault         Tloc           30%        N/A       30%         5
 Summon Lightning Spire   Summ/Air       15%        N/A       36%         4
 Airstrike                Air            5%         N/A       50%         4
 Dispel Undead            Necr           10%        3d9       50%         4
 Olgreb's Toxic Radiance  Pois           10%        N/A       50%         4
 Petrify                  Tmut/Erth      10%        N/A       50%         4
 Iron Shot                Conj/Erth      19%        9d4       58%         6
 Starburst                Conj/Fire      19%        6d7       58%         6
 Statue Form              Tmut/Erth      6%         N/A       100%        6
 Discord                  Hex            15%        N/A       100%        8
 Portal Projectile        Hex/Tloc       Unusable   N/A       N/A         3

Dungeon Overview and Level Annotations

Branches:
Dungeon (15/15)            Temple (0/1) D:7            Lair (6/6) D:9
  Swamp (3/4) Lair:3       Spider (0/4) Lair:3        Slime (0/5) Lair:6
    Orc (2/2) D:9             Elf (0/3) Orc:2        Vaults (0/5) D:13
 Depths (0/4) D:15

Altars:
Dithmenos
Fedhas
Gozag
Hepliaklqana
Kikubaaqudgha
Ru
Uskayaw
Vehumet
Wu Jian
Xom
Yredelemnul
The Shining One
Beogh
Jiyva

Shops:
D:4 *   D:5 (   D:12 [   Orc:1 ?   Orc:2 [??:

Annotations:
D:9 3 runed translucent doors, ma3's ghost, novice DrTm
D:11 exclusion: ice statue
D:13 2 transporters
D:15 stone giant!
Lair:5 exclusions: bullfrog and wraith, Josephine; Snorg
Swamp:2 tentacled monstrosity!


Innate Abilities, Weirdness & Mutations

You have sharp claws.
You have razor-sharp teeth.
You have supernaturally acute eyesight. (SInv)
You cover ground quickly. (Speed+)
Your thick and shaggy fur keeps you warm. (AC +3, rC+)
Your paws help you pounce on unaware monsters.
You are incapable of wielding weapons or throwing items.
You cannot wear armour.
You gain extra lives every three experience levels.


Message History

Press: ? - help, Shift-Dir - straight line, f/p - seven-headed hydra
Aim: a seven-headed hydra (chance to affect: 37%)
The seven-headed hydra easily resists.
Unknown command.
Casting: Ensorcelled Hibernation (safe; 1% risk of failure)
Confirm with . or Enter, or press ? or * to list all spells.
You erupt in a blast of force!
The mystic blast hits the seven-headed hydra.
The seven-headed hydra is lightly wounded.
The seven-headed hydra is knocked back by the mystic blast.
You feel stable enough to blink again.
Unknown command.
Casting: Iskenderun's Mystic Blast (dangerous; 2% risk of failure)
Confirm with . or Enter, or press ? or * to list all spells.
Aiming: Ensorcelled Hibernation (safe; 1% risk of failure)
Press: ? - help, Shift-Dir - straight line, f/p - seven-headed hydra
Aim: a seven-headed hydra (lightly wounded, chance to affect: 37%)
The seven-headed hydra easily resists.
Unknown command.
Casting: Ensorcelled Hibernation (safe; 1% risk of failure)
Confirm with . or Enter, or press ? or * to list all spells.
You erupt in a blast of force!
The mystic blast hits the seven-headed hydra.
The seven-headed hydra is lightly wounded.
The seven-headed hydra is knocked back by the mystic blast.
Unknown command.
Unknown command.
Casting: Iskenderun's Mystic Blast (dangerous; 2% risk of failure)
Confirm with . or Enter, or press ? or * to list all spells.
You miscast Iskenderun's Mystic Blast.
You are very lightly contaminated with residual magic.
Nothing appears to happen.
The seven-headed hydra completely misses you.
The seven-headed hydra bites you.
* * * LOW HITPOINT WARNING * * *
The seven-headed hydra misses you.
The seven-headed hydra completely misses you.
The seven-headed hydra bites you!
You die...
Your body crumbles into a pile of gold.

♣≈≈≈.≈≈♣ ♣...§.♣♣ ≈. ♣♣...§.♣
≈≈. ♣♣.≈♣≈..♣ ♣♣...
♣♣<≈≈≈≈≈♣♣ ≈≈... ♣♣♣≈≈≈≈≈.♣♣♣
..≈.P≈ ♣♣≈.≈♣.♣..≈≈♣♣ ♣♣♣
♣♣♣≈..P..
♣≈≈.♣♣♣♣♣♣≈..♣♣♣.♣♣♣♣.≈.≈.P≈≈
♣♣.♣♣ ♣♣♣♣.@D≈.§≈..≈.≈.P≈.
♣♣♣ ♣♣♣♣≈♣♣♣♣.≈..$... ♣♣♣
♣≈...≈.PP ..§.≈.... .§≈≈≈...≈
♣♣.♣...≈.. ♣♣♣.≈≈... ....≈≈


You could see a seven-headed hydra.

Vanquished Creatures
  Jorgrun (D:12)
  An orc warlord (Orc:1)
  Azrael (D:12)
  3 eleionomae
  2 bunyips
  An ettin (Orc:1)
  A fire dragon (Lair:6)
  A rakshasa (D:15)
  2 ogre magi
  11 hydras
  Erolcha (D:11)
  2 spriggan air magi (Swamp:2)
  5 boulder beetles
  A catoblepas (Lair:6)
  3 centaur warriors
  3 alligators
  8 two-headed ogres
  2 death yaks (Lair:6)
  A spriggan berserker (Swamp:2)
  A tengu warrior (D:15)
  An orc high priest (Orc:2)
  Nergalle (Orc:2)
  3 goliath frogs
  2 spriggan druids
  2 wizards (D:13)
  2 swamp dragons
  3 bog bodies
  A lindwurm (Lair:6)
  3 orc knights (Orc:1)
  6 deep elf pyromancers
  An oklob plant (D:13)
  An ugly thing (D:12)
  10 orc sorcerers (Orc:2)
  3 will-o-the-wisps
  A manticore (shapeshifter) (D:13)
  A manticore (D:12)
  8 cyclopes
  5 elephants (Lair:6)
  7 black mambas
  2 molten gargoyles (Lair:6)
  3 gargoyles
  16 cane toads
  2 torpor snails (Lair:3)
  3 rime drakes
  7 ice devils (D:11)
  3 kobold demonologists
  4 yaktaurs (D:15)
  8 komodo dragons
  A bloated husk (Swamp:2)
  6 trolls
  3 polar bears
  4 hornets
  3 meliai (D:15)
  12 blink frogs
  15 slime creatures
  A blink frog (shapeshifter) (D:10)
  2 tyrant leeches
  3 dream sheep (Lair:3)
  A centaur simulacrum (D:15)
  2 jumping spiders (Lair:3)
  34 yaks
  A shadow (D:12)
  8 wyverns
  2 wraiths
  2 spriggans
  A vampire (D:13)
  4 fire elementals (D:12)
  A redback (Lair:3)
  6 basilisks
  3 steam dragons
  8 swamp worms
  13 vampire mosquitoes
  3 wargs
  A swamp worm (shapeshifter) (D:14)
  18 water moccasins
  4 hell hounds (Lair:6)
  3 acid dragons
  31 orc warriors
  A swamp drake (Swamp:2)
  3 sky beasts
  7 black bears
  11 ogres
  A necrophage (D:6)
  An ice beast (D:5)
  45 wolves
  14 centaurs
  5 kobold brigands
  12 bullfrogs
  4 scorpions
  A gnoll sergeant (D:9)
  6 killer bees (D:11)
  6 wights
  A howler monkey (D:12)
  2 crimson imps
  5 lava snakes (Lair:6)
  A centaur zombie (D:8)
  3 hounds
  17 orc priests
  A jelly (D:8)
  A bullfrog skeleton (D:6)
  Natasha (thrice) (D:3)
  2 centaur skeletons
  6 iguanas
  39 orc wizards
  A killer bee zombie (D:6)
  Robin (D:3)
  4 gnolls (D:2)
  5 adders
  5 ufetubi
  An adder zombie (D:5)
  A dart slug (D:2)
  89 orcs
  2 bats
  9 endoplasms
  5 giant cockroaches
  19 goblins
  12 hobgoblins
  4 jackals (D:3)
  25 kobolds
  4 quokkas
  6 ball pythons
  3 frilled lizards
  4 rats
  A bush (D:13)
755 creatures vanquished.

Vanquished Creatures (collateral kills)
  A hydra (Lair:6)
  A death yak (Lair:5)
  A black mamba (Lair:6)
  A slime creature (D:12)
  3 water moccasins (Lair:6)
  A wolf (Lair:4)
8 creatures vanquished.

Vanquished Creatures (others)
  6 foxfires
  77 fungi
  93 plants
176 creatures vanquished.

Grand Total: 939 creatures vanquished

Notes
Turn   | Place    | Note
-------+----------+-------------------------------------------
     0 | D:1      | tilp the Felid Ice Elementalist began the quest for the
                  | Orb.
     0 | D:1      | Reached XP level 1. HP: 7/7 MP: 4/4
   507 | D:1      | Reached XP level 2. HP: 11/11 MP: 4/6
   618 | D:1      | Found a faded altar of an unknown god.
   812 | D:1      | Reached skill level 4 in Ice Magic
  1632 | D:2      | Reached XP level 3. HP: 9/14 MP: 1/7
  1688 | D:1      | Learned a level 3 spell: Frozen Ramparts
  2062 | D:2      | Identified the +12 rapier "Roh Siaf" {drain, rElec Str+6
                  | Int-4}
  2251 | D:2      | Reached XP level 4. HP: 18/18 MP: 4/9
  2309 | D:2      | You fall into a shaft and drop 2 floors!
  2693 | D:4      | Identified the +0 robe of Kindness {rCorr}
  2834 | D:3      | Learned a level 3 spell: Ozocubu's Armour
  2859 | D:3      | Found a shadowy altar of Dithmenos.
  3425 | D:2      | Reached skill level 5 in Ice Magic
  3996 | D:3      | Identified the +1 robe "Usonumo" {Will- Str+6 Int-3 Dex+4}
  4088 | D:3      | Noticed Natasha
  4096 | D:3      | Killed Natasha
  4097 | D:3      | Reached XP level 5. HP: 2/21 MP: 4/10
  4515 | D:3      | Found an opulent altar of Gozag.
  4579 | D:3      | Noticed Robin
  4586 | D:3      | Killed Robin
  4868 | D:3      | Noticed Natasha
  4883 | D:3      | Killed Natasha
  5053 | D:3      | Noticed Natasha
  5058 | D:3      | Killed Natasha
  5059 | D:3      | Reached skill level 6 in Ice Magic
  5157 | D:4      | Noticed a centaur
  5227 | D:4      | Found Qetutox's Assorted Antiques.
  5434 | D:4      | Gained mutation: You are covered in thick fur. (AC +2)
                  | [Felid growth]
  5434 | D:4      | Reached XP level 6. HP: 21/25 MP: 2/11
  5666 | D:4      | Reached skill level 1 in Fighting
  5666 | D:4      | Reached skill level 1 in Unarmed Combat
  5666 | D:4      | Reached skill level 1 in Evocations
  5726 | D:4      | Found a basalt altar of Yredelemnul.
  5993 | D:4      | Bought a glowing sapphire potion for 27 gold pieces
  5993 | D:4      | Bought a scroll labelled VEFOSEAFEM for 31 gold pieces
  6156 | D:4      | Found a shimmering altar of Xom.
  6158 | D:4      | Found an iron altar of Okawaru.
  6158 | D:4      | Found a shimmering altar of Xom.
  6160 | D:4      | Found a radiant altar of Vehumet.
  6160 | D:4      | Found a blossoming altar of Fedhas.
  6160 | D:4      | Found a shimmering altar of Xom.
  6246 | D:3      | Became a worshipper of Gozag Ym Sagoz the Greedy
  6299 | D:5      | Entered Level 5 of the Dungeon
  6310 | D:5      | Reached XP level 7. HP: 22/29 MP: 6/12
  6694 | D:5      | Found Ciny's Weapon Shop.
  6709 | D:5      | Found a hide-covered altar of Uskayaw.
  6900 | D:5      | Reached skill level 5 in Stealth
  7833 | D:6      | Noticed a troll
  7854 | D:6      | Killed a troll
  7855 | D:6      | Reached XP level 8. HP: 9/33 MP: 3/13
  8102 | D:6      | Learned a level 4 spell: Hailstorm
  8284 | D:6      | Reached skill level 1 in Conjurations
 10085 | D:4      | Bought a scroll of fog for 62 gold pieces
 10085 | D:4      | Bought a wand of polymorph (12) for 62 gold pieces
 10085 | D:4      | Bought a scroll of teleportation for 93 gold pieces
 10085 | D:4      | Bought a runed copper wand for 124 gold pieces
 10154 | D:7      | Found an ornate altar of the Wu Jian Council.
 10168 | D:7      | Found a staircase to the Ecumenical Temple.
 10196 | D:7      | Reached skill level 7 in Ice Magic
 10253 | D:7      | Noticed a hornet
 10258 | D:7      | Killed a hornet
 10259 | D:7      | Reached XP level 9. HP: 31/36 MP: 13/17
 10354 | D:7      | Reached skill level 5 in Spellcasting
 11586 | D:7      | Reached skill level 8 in Ice Magic
 11743 | D:7      | Reached skill level 5 in Fighting
 11743 | D:7      | Reached skill level 5 in Dodging
 11743 | D:7      | Reached skill level 5 in Unarmed Combat
 11743 | D:7      | Reached skill level 5 in Conjurations
 11743 | D:7      | Reached skill level 9 in Ice Magic
 11743 | D:7      | Reached XP level 10. HP: 44/44 MP: 17/20
 11886 | D:8      | Learned a level 2 spell: Ensorcelled Hibernation
 12331 | D:8      | HP: 1/44 [centaur/arrow (9)]
 12734 | D:8      | Found a radiant altar of Vehumet.
 13092 | D:8      | Upgraded the game from 0.28-a0-1485-g077359a4bf to
                  | 0.28-a0-1493-g08698888e4
 13351 | D:9      | Found a staircase to the Lair.
 13770 | D:9      | Found a staircase to the Orcish Mines.
 13818 | D:9      | HP: 1/45 [orc warrior (13)]
 14263 | D:9      | Reached XP level 11. HP: 48/48 MP: 22/22
 14750 | D:9      | Found a runed translucent gate.
 14750 | D:9      | Found a runed translucent gate.
 14750 | D:9      | Found a runed translucent gate.
 14751 | D:9      | Found a viscous altar of Jiyva.
 14751 | D:9      | Noticed ma3's ghost (novice DrTm)
 15013 | D:10     | Entered Level 10 of the Dungeon
 15910 | D:10     | Found a sacrificial altar of Ru.
 15910 | D:10     | Found a glowing golden altar of the Shining One.
 16371 | D:11     | Noticed Erolcha
 16664 | D:11     | Reached skill level 10 in Ice Magic
 16784 | D:11     | Noticed a boulder beetle
 17405 | Lair:1   | Entered Level 1 of the Lair of Beasts
 18055 | Lair:1   | Slain by a yak
 18056 | Lair:1   | Reached XP level 10. HP: -2/45 MP: 17/21
 18482 | Lair:1   | Noticed a cane toad
 18488 | Lair:1   | Noticed a cane toad
 18499 | Lair:1   | Killed a cane toad
 18502 | Lair:1   | Killed a cane toad
 18800 | Lair:1   | Reached XP level 11. HP: 6/49 MP: 5/22
 19892 | Lair:1   | Noticed a seven-headed hydra
 19904 | Lair:1   | Killed a seven-headed hydra
 20497 | Lair:2   | Noticed a seven-headed hydra
 20503 | Lair:2   | Killed a seven-headed hydra
 20504 | Lair:2   | Reached skill level 10 in Stealth
 22058 | Lair:3   | Gained mutation: Your thick and shaggy fur keeps you warm.
                  | (AC +3, rC+) [Felid growth]
 22058 | Lair:3   | Reached XP level 12. HP: 52/56 MP: 1/23
 22194 | Lair:3   | Noticed a six-headed hydra
 22203 | Lair:3   | Noticed a four-headed hydra
 22207 | Lair:3   | Killed a six-headed hydra
 22208 | Lair:3   | Reached skill level 10 in Dodging
 22216 | Lair:3   | HP: 2/56 [four-headed hydra (7)]
 22219 | Lair:3   | Killed a four-headed hydra
 22589 | Lair:3   | Found a hole to the Spider Nest.
 23313 | Lair:3   | Noticed a seven-headed hydra
 23324 | Lair:3   | Killed a seven-headed hydra
 23422 | Lair:3   | Reached skill level 10 in Fighting
 23765 | Lair:3   | Noticed a seven-headed hydra
 23845 | Lair:3   | Killed a seven-headed hydra
 23846 | Lair:3   | Reached skill level 1 in Hexes
 24148 | Lair:3   | Found a staircase to the Swamp.
 24648 | Lair:4   | Learned a level 4 spell: Summon Ice Beast
 24760 | Lair:4   | Reached skill level 1 in Summonings
 25346 | Lair:4   | Reached skill level 5 in Evocations
 26190 | Lair:4   | Learned a level 4 spell: Iskenderun's Mystic Blast
 26814 | Lair:5   | Noticed Snorg
 26849 | Lair:5   | Noticed Josephine
 26893 | Lair:5   | Reached XP level 13. HP: 61/61 MP: 10/25
 27313 | Lair:6   | Entered Level 6 of the Lair of Beasts
 27329 | Lair:6   | Reached skill level 1 in Translocations
 27810 | Lair:6   | Identified the +1 robe of Defence {rCorr}
 29004 | Lair:6   | Found a viscous altar of Jiyva.
 29005 | Lair:6   | Found a staircase to the Slime Pits.
 30755 | Lair:6   | Reached skill level 11 in Ice Magic
 31494 | Lair:6   | Found a large runed translucent door.
 31495 | Lair:6   | Found a large runed translucent door.
 31724 | Lair:6   | Noticed a fire dragon
 32504 | Orc:1    | Entered Level 1 of the Orcish Mines
 32705 | Orc:1    | Noticed an ettin
 32711 | Orc:1    | Killed an ettin
 33026 | Orc:1    | Found Geqius's Magic Scroll Emporium.
 33155 | Orc:1    | Noticed an orc warlord
 34302 | Orc:1    | Found Geqius's Magic Scroll Emporium.
 34375 | Orc:1    | Killed an orc warlord
 34376 | Orc:1    | Reached skill level 10 in Conjurations
 34376 | Orc:1    | Reached XP level 14. HP: 66/66 MP: 6/28
 35067 | Orc:2    | Entered Level 2 of the Orcish Mines
 36154 | Orc:2    | Reached skill level 12 in Ice Magic
 36319 | Orc:2    | Found a staircase to the Elven Halls.
 37517 | Orc:2    | Noticed Nergalle
 37521 | Orc:2    | Killed Nergalle
 37850 | Orc:2    | Found Cumiam's Magic Scroll Emporium.
 37906 | Orc:2    | Found Zopren's Book Shoppe.
 37925 | Orc:2    | Found an ancient bone altar of Kikubaaqudgha.
 37938 | Orc:2    | Found Zotec's Magic Scroll Emporium.
 37949 | Orc:2    | Found a radiant altar of Vehumet.
 37976 | Orc:2    | Found Looshaor's Antique Armour Shoppe.
 38254 | Orc:2    | Bought a scroll of teleportation for 39 gold pieces
 38254 | Orc:2    | Bought a scroll of amnesia for 45 gold pieces
 38359 | Orc:1    | Bought a scroll of holy word for 112 gold pieces
 38359 | Orc:1    | Bought a scroll of magic mapping for 52 gold pieces
 38359 | Orc:1    | Bought a scroll of fog for 30 gold pieces
 38359 | Orc:1    | Bought a scroll of fog for 30 gold pieces
 38359 | Orc:1    | Bought a scroll of teleportation for 45 gold pieces
 38478 | Orc:2    | Bought 2 scrolls of magic mapping for 84 gold pieces
 38478 | Orc:2    | Bought a scroll of teleportation for 36 gold pieces
 38643 | D:11     | Killed Erolcha
 39828 | D:11     | Learned a level 1 spell: Apportation
 40240 | D:12     | Noticed Jorgrun
 40379 | D:12     | Killed Jorgrun
 40776 | D:12     | Found Zionk's Armour Shoppe.
 40868 | D:12     | Noticed Azrael
 41948 | D:12     | Killed Azrael
 41949 | D:12     | Reached skill level 13 in Ice Magic
 43007 | Orc:2    | Bought the Collected Works on Damaging Dislocation for 484
                  | gold pieces
 43010 | Orc:2    | Learned a level 2 spell: Blink
 43366 | D:13     | Found a transporter.
 43497 | D:13     | Found a blossoming altar of Fedhas.
 45222 | D:13     | Found a gate to the Vaults.
 45637 | D:13     | Found a transporter.
 45639 | D:13     | Noticed an acid blob
 45642 | D:13     | Noticed an acid blob
 45642 | D:13     | Noticed an acid blob
 45642 | D:13     | Noticed an acid blob
 45968 | D:14     | Reached XP level 15. HP: 66/69 MP: 11/29
 46777 | D:14     | Reached skill level 14 in Ice Magic
 47996 | D:14     | HP: 1/69 [large slime creature (32)]
 48539 | D:14     | Identified a scroll of acquirement
 48930 | D:14     | Acquired the amulet of the Shining Light {RegenMP Regen+
                  | Stlth+}
 48955 | D:15     | Entered Level 15 of the Dungeon
 49504 | D:15     | Reached skill level 15 in Ice Magic
 49961 | D:15     | Found a hazy altar of Hepliaklqana.
 50274 | D:15     | Found a staircase to the Depths.
 50935 | Swamp:1  | Entered Level 1 of the Swamp
 51182 | Swamp:1  | Identified the +11 quarterstaff of Eternal Harmony {speed,
                  | rPois rC+ SInv}
 51904 | Swamp:1  | Killed from afar by an eleionoma
 51905 | Swamp:1  | Reached XP level 14. HP: -35/66 MP: 16/28
 52628 | Swamp:2  | HP: 3/66 [eleionoma/spray of wooden splinters (24)]
 53258 | Swamp:2  | HP: 1/66 [spriggan air mage/the air (23)]
 53262 | Swamp:2  | Reached XP level 15. HP: 9/70 MP: 3/29
 53282 | Swamp:2  | Mangled by a bunyip
 53283 | Swamp:2  | Reached XP level 14. HP: -10/66 MP: 8/28
 53316 | Swamp:2  | Noticed a tentacled monstrosity
 53738 | Swamp:3  | Slain by a seven-headed hydra

Illustrated notes

Levels and vault maps discovered:
D:1:      dpeg_arrival_more_subterranean_lakeside_camping, layout_basic,
          shapermc_ecumenical_altar_mp_urbaneastern
D:2:      layout_loops_ring
D:3:      layout_loops_ring, old_standard_altar, mainiacjoe_overflow_catwalk,
          kennysheep_generic_room_12, uniq_natasha, uniq_robin
D:4:      layout_cave_pools, doesnt_xom_only_xom,
          mainiacjoe_overflow_surrounded_room, serial_shops,
          nicolae_shop_waterfront
D:5:      layout_gridville, nicolae_uskayaw_dance_hall, serial_shops,
          kennysheep_mini_moat
D:6:      layout_basic
D:7:      layout_layer_cave, kennysheep_mini, minmay_temple_entry_gardened_gates
D:8:      layout_basic, nicolae_vehumet_radiance
D:9:      layout_irregular_city, due_lair_maze_entry_diamond, david_orc_5,
          gammafunk_ghost_ooze
D:10:     layout_rooms, gammafunk_temple_overflow_statue
D:11:     cheibrodos_frozen_isle, layout_loops_ring, uniq_erolcha
D:12:     layout_irregular_city, serial_shops, shop, minivault_19, uniq_jorgrun,
          uniq_azrael
D:13:     gammafunk_cloud_chamber, layout_layer_cave, david_vaults_1,
          minivault_11, tgw_fedhas
D:14:     layout_loops_ring, special_room [special_room_orc],
          dreamdust_deal_with_the_devil
D:15:     grunt_enter_depths_snipers, layout_basic, nzn_hepliaklqana_mist_gate,
          kennysheep_four_rooms
Lair:1:   layout_regular_city, grunt_megastairs_5
Lair:2:   layout_layer_cave
Lair:3:   layout_hall_layers, palyth_hydra_swamp_entry, spider_nest_entry_a,
          chequers_serial_rivers_micro_e, grunt_megastairs_4
Lair:4:   layout_misc_corridors, grunt_forest_large_clearings
Lair:5:   layout_long_grid, uniq_snorg, uniq_josephine
Lair:6:   cheibrodos_lair_end_hotspot, layout_hall_layers,
          dpeg_slime_entry_enclosed_altar, minmay_stone_trees_small,
          nicolae_quartered_pool_impasse, lemuel_fruit_tree
Swamp:1:  layout_basic_swamp, hangedman_swamp_ruin_hall
Swamp:2:  nzn_winding_woodlands_three_and_one
          [nzn_winding_woodlands_5x15_crooked,
          nzn_winding_woodlands_5x15_longhouse,
          nzn_winding_woodlands_5x15_sidewinder,
          nzn_winding_woodlands_center_triple_pond], layout_basic_swamp,
          evilmike_swamp_ruin_rubble_1
Swamp:3:  layout_falls_marsh, nicolae_swamp_fairy_circle
Orc:1:    nicolae_orc_accident_1, layout_caves, serial_shops,
          nicolae_diamond_shop
Orc:2:    kennysheep_orc_mage_school, layout_diamond_mine

Skill      XL: |  1  2  3  4  5  6  7  8  9 10 11 12 13 14 15 |
---------------+----------------------------------------------+-----
Ice Magic      | 4 5 6 7 9 10 11 13 15 | 15.0
Spellcasting   | 3 4 6 7 9 |  9.0
Stealth        | 3 4 6 7 8 10 | 10.0
Dodging        | 3 4 5 7 9 10 11 | 11.6
Fighting       | 1 2 5 6 8 10 11 | 11.0
Unarmed Combat | 1 3 4 5 6 8 9 |  9.3
Evocations     | 2 4 5 6 7 |  7.9
Conjurations   | 3 5 6 8 10 12 | 12.0
Hexes          | 4 |  4.0
Summonings     | 2 |  2.0
Translocations | 4 |  4.0

Action                   |  1- 3 |  4- 6 |  7- 9 | 10-12 | 13-15 || total
-------------------------+-------+-------+-------+-------+-------++-------
Melee: Unarmed           |    10 |    30 |    94 |   323 |   495 ||   952
       Bite              |       |     1 |    13 |    36 |    83 ||   133
       Punch             |       |       |     6 |    24 |    43 ||    73
 Cast: Freeze            |    38 |    51 |    25 |    74 |    52 ||   240
       Frozen Ramparts   |     3 |    26 |    15 |    92 |   125 ||   261
       Ozocubu's Armour  |       |     8 |    23 |    62 |   143 ||   236
       Hailstorm         |       |       |    11 |   102 |   317 ||   430
       Summon Ice Beast  |       |       |       |     4 |    19 ||    23
       Ensorcelled Hiber |       |       |       |     1 |    42 ||    43
       Iskenderun's Myst |       |       |       |       |    80 ||    80
       Apportation       |       |       |       |       |    30 ||    30
       Blink             |       |       |       |       |     1 ||     1
Invok: Potion Petition   |       |       |       |       |     4 ||     4
Evoke: Wand              |       |       |     3 |     4 |    23 ||    30
  Use: Scroll            |     3 |     9 |     2 |    14 |     6 ||    34
       Potion            |       |       |     2 |     1 |       ||     3
 Stab: Sleeping          |     5 |    13 |    11 |    21 |    47 ||    97
       Distracted        |       |       |       |     3 |     4 ||     7
Armor: Skin              |     2 |     7 |    29 |    59 |    70 ||   167
Dodge: Dodged            |    20 |    49 |   107 |   510 |   674 ||  1360

Table legend: (Time is in decaauts)
 A = Elapsed time spent in this place.
 B = Non-inter-level travel time spent in this place.
 C = Inter-level travel time spent in this place.
 D = Time resting spent in this place.
 E = Time spent auto-exploring this place.
 F = Levels seen in this place.
 G = Mean time per level.
                   A        B        C        D        E       F      G
               +--------+--------+--------+--------+--------+-----+--------+
         Total |  49513 |  46456 |   3057 |  18705 |  20532 |  26 | 1904.3 |
       Dungeon |  26870 |  25307 |   1563 |   9195 |  12350 |  15 | 1791.3 |
          Lair |  14357 |  13512 |    845 |   6041 |   5799 |   6 | 2392.8 |
         Swamp |   2618 |   2566 |     52 |   1174 |    588 |   3 |  872.7 |
  Orcish Mines |   5667 |   5072 |    595 |   2294 |   1793 |   2 | 2833.5 |
               +--------+--------+--------+--------+--------+-----+--------+

Top non-repeatable levels by time:
  Lair:6: 3830 daAuts
    D:13: 3371 daAuts
  Lair:3: 3052 daAuts
   Orc:1: 3018 daAuts
    D:11: 2817 daAuts
    D:12: 2721 daAuts
  Lair:1: 2679 daAuts
   Orc:2: 2648 daAuts
     D:9: 2179 daAuts
  Lair:4: 2081 daAuts
     D:6: 1963 daAuts
    D:14: 1756 daAuts
     D:3: 1597 daAuts
     D:4: 1572 daAuts
  Lair:5: 1485 daAuts
